 Dungeon Crawl Stone Soup version 0.31-a0-986-g5e6e4ef867 (webtiles) character file.

Game seed: 14411610578925852817

18 Jeffwins the Changeling (level 2, 0/34 HPs)
             Began as a Draconian Shapeshifter on Nov 24, 2023.
             Succumbed to a goblin's poison
             ... on level 1 of the Dungeon.
             The game lasted 00:00:40 (421 turns).

Jeffwins the Changeling (Draconian Shapeshifter)     Turns: 421, Time: 00:00:40

Health: 0/34       AC: 21    Str: 14 (16) XL:     2   Next: 51%
Magic:  2/2        EV:  2    Int:  7 (10) God:
Gold:   74         SH:  0    Dex:  7 (10) Spells: 1/1 levels left

rFire   . .          .
                       - Unarmed
rCold   . . .        (no shield)
rNeg    . . .        (body armour unavailable)
rPois   +            (helmet currently unavailable)
rElec   .            (cloak currently unavailable)
rCorr   .            (gloves currently unavailable)
SInv    .            (boots currently unavailable)
Will    .....        (no amulet)
Stlth   +            (no ring)
HPRegen 0.25/turn    (no ring)
MPRegen 0.08/turn

%: no passive effects
@: lethally poisoned (0 -> -16), tree-form, attractive
A: stationary, stasis, torment immunity, boosted hp, AC +4, unfitting armour,
(cold-blooded)
a: no special abilities


You were on level 1 of the Dungeon.
You were a tree.
You visited 1 branch of the dungeon, and saw 1 of its levels.

You collected 74 gold pieces.


Innate Abilities, Weirdness & Mutations

You are a tree.
Your roots penetrate the ground, keeping you stationary.
You cannot be teleported.
You are immune to unholy pain and torment.
Your maximum health is greatly increased.
Your equipment is partially melded.
((Your plain brown scales are hard. (AC +4)))
You cannot fit into any form of body armour.
((You are cold-blooded and may be slowed by cold attacks.))


   Skills:
 + Level 1.4 Fighting
 + Level 2.0 Dodging
 + Level 0.4 Stealth
 * Level 3.2 Unarmed Combat
 * Level 3.2 Shapeshifting


You had one spell level left.
You didn't know any spells.
Your spell library was empty.

Inventory:

Talismans
 b - a beast talisman
 c - a flux talisman
Scrolls
 e - a scroll of poison {unknown}
Potions
 d - a potion of degeneration {!q}

Dungeon Overview and Level Annotations

Branches:
Dungeon (1/15)

Altars:

.##.##.........#.....
..............#.....
#..................
####..##.....#.......#
#...>................#
#.....######.#........
#.....'..# #.#.......#
###....?####
#.......... #......♣#
###########
#.......g...#
#...........#
######......# #......#
#......#~♣♣~~.♣♣~~P
#......#~♣♣~~♣..~~.
#......#~PP~~♣P♣~~.
#~.P~~P.♣~~P


You could see a goblin.


Message History

The goblin hits you with a +0 dagger of venom.
You are poisoned.
You hit the goblin but do no damage.
You feel sick.
The goblin hits you with a +0 dagger of venom.
You are more poisoned.
You hit the goblin but do no damage.
You feel very sick.
The goblin hits you with a +0 dagger of venom.
You are lethally poisoned!
You closely miss the goblin.
* * * LOW HITPOINT WARNING * * *
You feel very sick.
The goblin hits you with a +0 dagger of venom.
* * * LOW HITPOINT WARNING * * *
You are more poisoned.
Your transformation has ended.
You turn into a tree.
Your roots penetrate the ground.
* * * LOW HITPOINT WARNING * * *
You feel very sick. The goblin hits you but does no damage.
It was a potion of degeneration.
There was something very wrong with that liquid.
You feel weakened.
You feel dopey.
You feel clumsy.
* * * LOW HITPOINT WARNING * * *
You feel very sick. The goblin hits you but does no damage.
Unknown command.
It was a potion of attraction.
You feel attractive to monsters.
You die...

Skill      XL: |  1  2 |
---------------+-------+-----
Dodging        | 2 |  2.0
Fighting       | |  1.4
Stealth        | |  0.4
Unarmed Combat | |  3.2
Shapeshifting  | |  3.2

Action                     || total
---------------------------++-------
  Melee: Unarmed           ||    36
         Tailslap          ||     3
    Use: Potion            ||     3
 Armour: Skin              ||    12
  Dodge: Dodged            ||    17

Levels and vault maps discovered:
D:1:      lightli_arrival_farm, layout_basic

Notes
Turn   | Place    | Note
-------+----------+-------------------------------------------
     0 | D:1      | Jeffwins the Draconian Shapeshifter began the quest for the
                  | Orb.
     0 | D:1      | Reached XP level 1. HP: 16/16 MP: 1/1
   146 | D:1      | Reached XP level 2. HP: 23/23 MP: 2/2
   202 | D:1      | Reached skill level 2 in Dodging
   421 | D:1      | Succumbed to a goblin's poison

Vanquished Creatures
  A ball python (D:1)
  A bat (D:1)
  5 endoplasms (D:1)
  A giant cockroach (D:1)
  2 hobgoblins (D:1)
  A kobold (D:1)
  A frilled lizard (D:1)
  4 rats (D:1)
16 creatures vanquished.

Table legend: (Time is in decaauts)
 A = Elapsed time spent in this place.
 B = Non-inter-level travel time spent in this place.
 C = Inter-level travel time spent in this place.
 D = Time resting spent in this place.
 E = Time spent auto-exploring this place.
 F = Levels seen in this place.
 G = Mean time per level.
                   A        B        C        D        E       F      G
               +--------+--------+--------+--------+--------+-----+--------+
         Total |    420 |    420 |      0 |      0 |    319 |   1 |  420.0 |
       Dungeon |    420 |    420 |      0 |      0 |    319 |   1 |  420.0 |
               +--------+--------+--------+--------+--------+-----+--------+

Top non-repeatable levels by time:
     D:1: 420 daAuts

Table legend:
 A = Non-vault XP
 B = Vault XP
 C = Vault XP percentage of total XP
 D = Non-vault monster count
 E = Vault monster count
 F = Vault count percentage of total count
                 A         B        C        D         E       F
            +---------+---------+-------+---------+---------+-------
      Total |      27 |       0 |   0.0 |      16 |       0 |   0.0
            +---------+---------+-------+---------+---------+-------
        D:1 |      27 |       0 |   0.0 |      16 |       0 |   0.0
            +---------+---------+-------+---------+---------+-------
